 Dungeon Crawl Stone Soup version 0.31-a0-115-g4708a659fe (webtiles) character file.

Game seed: 16732844744000424518

116 Pooter the Chopper (level 4, -4/61 HPs)
             Began as a Minotaur Berserker on May 29, 2023.
             Was a Believer of Trog.
             Slain by an orc
             ... wielding a +0 war axe
              (8 damage)
             ... on level 3 of the Dungeon on May 30, 2023.
             The game lasted 00:08:08 (2213 turns).

Pooter the Chopper (Minotaur Berserker)             Turns: 2213, Time: 00:08:09

Health: -4/61      AC:  9    Str: 23    XL:     4   Next: 69%
Magic:  3/3        EV:  9    Int:  4    God:    Trog [**....]
Gold:   62         SH:  0    Dex: 10    Spells: 3/3 levels left

rFire   . . .        a - +2 spear (heavy)
rCold   . . .        (no shield)
rNeg    . . .        j - +0 chain mail
rPois   .            (helmet restricted)
rElec   .            d - +0 cloak
rCorr   .            (no gloves)
SInv    .            (no boots)
Will    .....        (no amulet) Stlth
                     (no ring)
HPRegen 0.30/turn    (no ring)
MPRegen 0.08/turn

%: no passive effects
@: berserking, very quick
A: horns 2, retaliatory headbutt
a: Renounce Religion, Berserk, Trog's Hand


You were on level 3 of the Dungeon.
You worshipped Trog.
Trog was pleased with you.
You visited 1 branch of the dungeon, and saw 3 of its levels.

You collected 62 gold pieces.

Inventory:

Hand Weapons
 a - a +2 heavy spear (weapon)
   (You found it on level 3 of the Dungeon)
 k - a +0 flail
   (You took it off a gnoll on level 2 of the Dungeon)
 l - a +0 halberd
   (You took it off a gnoll on level 2 of the Dungeon)
 m - a +0 hand axe
Missiles
 g - 8 poisoned darts (quivered)
 i - 4 atropa-tipped darts
 Q - 17 stones
Armour
 d - a +0 cloak (worn)
   (You found it on level 1 of the Dungeon)
 j - a +0 chain mail (worn)
   (You found it on level 2 of the Dungeon)
Scrolls
 b - a scroll of acquirement {unknown}
Potions
 c - a potion of curing {unknown}
 e - a potion of heal wounds {unknown}
 f - a potion of haste {unknown}
 h - a potion of might
 n - a potion of lignification {unknown}


   Skills:
 + Level 4.3 Fighting
 + Level 4.9(5.0) Axes
 * Level 1.0(3.2) Polearms
 - Level 2.4 Armour
 - Level 2.1 Dodging
 * Level 2.3 Stealth


You had 3 spell levels left.
You didn't know any spells.
Your spell library was empty.

Dungeon Overview and Level Annotations

Branches:
Dungeon (3/15)

Altars:

Annotations:
D:2 1 runed translucent door, Crazy Yiuf


Innate Abilities, Weirdness & Mutations

You have a pair of horns on your head.
You reflexively headbutt those who attack you in melee.


Message History

Trog accepts your kill.
You hit the endoplasm but do no damage. You headbutt the endoplasm.
You kill the endoplasm!
Trog accepts your kill.
You can now call upon Trog for regeneration and willpower.
n - a cyan potion The orc shouts!
The orc shouts!
You reach to attack!
The orc priest shouts!
You puncture the orc!
You kill the orc!
Trog accepts your kill.
You hear a shout!
The orc shouts!
The orc priest looks satisfied for a moment.
You see here 10 gold pieces.
You puncture the orc!
You kill the orc!
Trog accepts your kill.
Items here: )) ? ††.
You closely miss the orc priest. Your headbutt misses the orc priest.
The orc priest hits you but does no damage.
The orc wizard gestures wildly while chanting.
The orc wizard flickers and vanishes!
Deactivating autopickup; reactivate with Ctrl-A.
You puncture the orc priest! Your headbutt misses the orc priest.
The orc priest hits you with a +0 morningstar.
You closely miss the orc priest. Your headbutt misses the orc priest.
The orc priest misses you. The orc barely misses you.
The orc priest closely misses you.
You puncture the orc priest!
You kill the orc priest!
Trog accepts your kill. The orc hits you with a +0 war axe. Something hits you.
You are electrocuted!
* * * LOW HITPOINT WARNING * * *
Your base Polearms skill increases to level 1!
You barely miss the orc. Your headbutt misses the orc.
The orc drinks a potion.
The orc seems to grow stronger.
Something hits you but does no damage.
You are electrocuted!!
* * * LOW HITPOINT WARNING * * *
Something hits you but does no damage. The orc closely misses you.
A red film seems to cover your vision as you go berserk!
You feel yourself moving faster!
You feel mighty! The orc hits you with a +0 war axe!
You die...

.... ... ... .. .#
#+######.#
#......).#
#......@o#
#......$.#
#........######
#.##..$........ #
#............
#............
#............
#............ ###
#####+#..<.........


You could see an orc (strong).

Vanquished Creatures
  An orc priest (D:3)
  3 gnolls (D:2)
  2 worms
  A dart slug (D:1)
  2 orcs (D:3)
  3 ball pythons
  4 endoplasms
  A giant cockroach (D:1)
  8 goblins
  4 hobgoblins
  4 jackals (D:1)
  6 bats
  3 frilled lizards
  2 kobolds (D:2)
  3 rats
47 creatures vanquished.

Notes
Turn   | Place    | Note
-------+----------+-------------------------------------------
     0 | D:1      | Pooter the Minotaur Berserker began the quest for the Orb.
     0 | D:1      | Reached XP level 1. HP: 19/19 MP: 0/0
   151 | D:1      | Reached XP level 2. HP: 17/27 MP: 1/1
   294 | D:1      | Reached skill level 1 in Stealth
  1036 | D:2      | Reached XP level 3. HP: 31/33 MP: 2/2
  1311 | D:2      | Found a faded altar of an unknown god.
  1527 | D:2      | Found a runed translucent door.
  1528 | D:2      | Noticed Crazy Yiuf
  1792 | D:2      | Reached ** piety under Trog
  1821 | D:2      | Reached XP level 4. HP: 40/40 MP: 3/3
  2212 | D:3      | Reached skill level 1 in Polearms
  2213 | D:3      | Slain by an orc

Illustrated notes

Levels and vault maps discovered:
D:1:      roderic_dead_forest, layout_basic
D:2:      layout_basic, ebering_ecumenical_altar_hall, dk_noncrumbling_2,
          hangedman_decor_points, hex_tiny, uniq_crazy_yiuf_cottage
D:3:      layout_basic, hellmonk_no_cap

Skill      XL: |  1  2  3  4 |
---------------+-------------+-----
Axes           | 4 |  4.9
Stealth        | 1 2 |  2.3
Fighting       | 4 |  4.3
Polearms       | 1 |  1.0
Armour         | |  2.4
Dodging        | |  2.1

Action                     |  1- 3 |  4- 6 || total
---------------------------+-------+-------++-------
  Melee: Hand axe          |    90 |       ||    90
         Headbutt          |    10 |     2 ||    12
         Flail             |     7 |       ||     7
         Spear             |       |     9 ||     9
         Halberd           |       |     1 ||     1
 Invoke: Berserk           |     4 |     1 ||     5
   Stab: Distracted        |     1 |       ||     1
 Armour: Skin              |     6 |       ||     6
         Chain mail        |    14 |     3 ||    17
  Dodge: Dodged            |    56 |     5 ||    61

Table legend: (Time is in decaauts)
 A = Elapsed time spent in this place.
 B = Non-inter-level travel time spent in this place.
 C = Inter-level travel time spent in this place.
 D = Time resting spent in this place.
 E = Time spent auto-exploring this place.
 F = Levels seen in this place.
 G = Mean time per level.
                   A        B        C        D        E       F      G
               +--------+--------+--------+--------+--------+-----+--------+
         Total |   2260 |   2185 |     75 |    349 |   1442 |   3 |  753.3 |
       Dungeon |   2260 |   2185 |     75 |    349 |   1442 |   3 |  753.3 |
               +--------+--------+--------+--------+--------+-----+--------+

Top non-repeatable levels by time:
     D:2: 1085 daAuts
     D:1: 1051 daAuts
     D:3: 124 daAuts
